 Dungeon Crawl Stone Soup version 0.28-a0-1184-g53156a8862 (webtiles) character file.

Game seed: 13078986335846928156

555 ytrimaz the Insei (level 7, -5/54 HPs)
             Began as an Octopode Transmuter on Dec 18, 2021.
             Slain by a steam dragon (9 damage)
             ... on level 5 of the Dungeon.
             The game lasted 00:04:44 (6027 turns).

ytrimaz the Insei (Octopode Transmuter)             Turns: 6027, Time: 00:04:45

Health: -5/54      AC:  6    Str: 10    XL:     7   Next: 30%
Magic:  10/13      EV: 10    Int: 17    God:
Gold:   211        SH:  0    Dex: 12    Spells: 4/14 levels left

rFire   x . .      SeeInvis .     - Unarmed
rCold   + + +      Faith    .   (shield currently unavailable)
rNeg    . . .      Spirit   .   (helmet currently unavailable)
rPois   +          Reflect  .   (no amulet)
rElec   .          Harm     .   f - +4 ring of slaying
rCorr   .          Rampage  .   (no ring)
Will    .....                   (no ring)
Stlth   +.........              (no ring)
HPRegen 0.18/turn               (no ring)
MPRegen 0.13/turn               (no ring)
                                (no ring)
                                (no ring)

@: ice-form
A: freezing attack, boosted hp, almost no armour, amphibious, 8 rings, large,
(camouflage 1), (gelatinous body 1), (nimble swimmer 1), (tentacles)
a: End Transformation


You were on level 5 of the Dungeon.
You were a creature of crystalline ice.
You visited 1 branch of the dungeon, and saw 5 of its levels.
You also visited: Sewer.

You collected 211 gold pieces.

Inventory:

Missiles
 g - a throwing net
Jewellery
 f - a +4 ring of slaying (left front paw)
Scrolls
 a - 3 scrolls of fog
 b - a scroll of acquirement
 e - 2 scrolls of magic mapping
Potions
 c - 2 potions of haste
 d - a potion of might
 h - a potion of resistance {unknown}
 i - 3 potions of curing
 j - a potion of heal wounds {unknown}


   Skills:
 * Level 2.8 Fighting
 * Level 3.2 Dodging
 + Level 4.7 Unarmed Combat
 * Level 4.0 Spellcasting
 * Level 3.9 Transmutations
 + Level 0.2 Poison Magic


You had 4 spell levels left.
You knew the following spells:

 Your Spells              Type           Power      Damage    Failure   Level
a - Beastly Appendage     Tmut           34%        N/A       3%          1
b - Wereblood             Tmut           17%        N/A       4%          2
c - Spider Form           Tmut/Pois      10%        N/A       21%         3
d - Ice Form              Ice/Tmut       10%        N/A       56%         4

Your spell library contained the following spells:

 Spells                   Type           Power      Damage    Failure   Level
 Dazzling Flash           Conj/Hex       6%         N/A       43%         3
 Agony                    Necr           3%         N/A       99%         5
 Fireball                 Conj/Fire      1%         3d3       99%         5
 Iskenderun's Battlesphe  Conj           3%         2d6       99%         5
 Silence                  Hex/Air        1%         N/A       99%         5
 Conjure Ball Lightning   Conj/Air       1%         3x3d6     100%        6
 Orb of Destruction       Conj           1%         N/A       100%        7


Dungeon Overview and Level Annotations

Branches:
Dungeon (5/15)              Sewer (visited)
 Temple: D:4-7

Altars:
Fedhas

Annotations:
D:2 1 runed translucent door, Crazy Yiuf


Innate Abilities, Weirdness & Mutations

You are a creature of crystalline ice.
You have a powerful freezing melee attack.
Your maximum health is increased.
Your armour is entirely melded.
You are incapable of wielding weapons or throwing items.
You cannot wear most types of armour.
You are amphibious.
You can wear up to eight rings at the same time.
((Your skin changes colour to match your surroundings (Stealth+).))
((Your rubbery body absorbs attacks. (AC +1, EV +1)))
((You are camouflaged near water. (Stealth+)))
((You have tentacles for arms and can constrict up to eight enemies at once.))


Message History

Your magical contamination has completely faded away.
Your transformation is almost over.
Your transformation has ended.
A steam dragon comes into view.
A steam dragon is nearby!
A steam dragon is nearby!
Casting: Spider Form (dangerous; 21% risk of failure)
Confirm with . or Enter, or press ? or * to list all spells.
Okay, then.
This spell is extremely dangerous to cast!
Memorise Ice Form, consuming 4 spell levels and leaving 4?
You start memorising the spell.
You continue memorising. x4
You finish memorising.
Spell assigned to 'd'.
Unknown command.
Casting: Spider Form (dangerous; 21% risk of failure)
Confirm with . or Enter, or press ? or * to list all spells.
The spell is extremely dangerous to miscast (56% risk of failure)!
Continue anyway?
You turn into a creature of crystalline ice.
Unknown command.
The steam dragon breathes steam at you. The ball of steam misses you.
You barely miss the steam dragon. The steam dragon barely misses you.
The steam dragon claws you but does no damage.
You hit the steam dragon. You freeze the steam dragon.
The steam dragon is lightly wounded.
The steam dragon breathes steam at you. The ball of steam hits you!!
The steam scalds you terribly!
Ouch! That really hurt!
You barely miss the steam dragon.
The steam dragon is lightly wounded.
You are engulfed in a cloud of scalding steam.
The steam dragon bites you!
* * * LOW HITPOINT WARNING * * *
The steam dragon closely misses you.
You hit the steam dragon. You freeze the steam dragon.
The steam dragon is moderately wounded.
You are engulfed in a cloud of scalding steam.
* * * LOW HITPOINT WARNING * * *
The steam dragon bites you!
You die...

# #.##.......≈.#...#.≈. #
#.)#######.≈.#._.#.≈. #
##.# #.≈.#...#.≈. ####
#.# #.≈.#.###.≈.
...###.#######.≈.......≈.
##<...........§≈≈≈≈≈≈≈≈≈.
#####.######...§........
#.########D#..######
#...<.)....Y#§#
##########.^#.# #..#.#
#..#.. #..#### #..# #..#
#..#


You could see a steam dragon (catching breath).

Vanquished Creatures
  Edmund (D:4)
  A sky beast (D:5)
  2 bullfrogs (Sewer)
  A bullfrog skeleton (D:5)
  A centaur skeleton (D:4)
  Robin (D:4)
  A gnoll (D:1)
  2 adders
  An ufetubus (D:4)
  2 adder skeletons
  3 worms
  2 dart slugs
  2 orcs
  11 ball pythons
  4 endoplasms
  6 giant cockroaches
  19 goblins
  7 hobgoblins
  4 jackals (D:1)
  5 kobolds
  2 quokkas
  8 bats
  6 frilled lizards
  6 rats
98 creatures vanquished.

Notes
Turn   | Place    | Note
-------+----------+-------------------------------------------
     0 | D:1      | ytrimaz the Octopode Transmuter began the quest for the
                  | Orb.
     0 | D:1      | Reached XP level 1. HP: 13/13 MP: 3/3
   191 | D:1      | Reached XP level 2. HP: 9/18 MP: 5/5
   194 | D:1      | Learned a level 2 spell: Wereblood
   413 | D:1      | Reached XP level 3. HP: 9/23 MP: 4/6
   417 | D:1      | Learned a level 3 spell: Spider Form
   664 | D:1      | Identified a scroll of acquirement
  2605 | D:2      | Found a runed translucent door.
  2606 | D:2      | Noticed Crazy Yiuf
  3103 | D:3      | Reached XP level 4. HP: 21/28 MP: 5/7
  4069 | D:4      | Noticed Robin
  4236 | D:4      | Found a glowing drain.
  4252 | Sewer    | Entered a sewer
  4393 | Sewer    | Noticed a bullfrog
  4412 | Sewer    | Killed a bullfrog
  4413 | Sewer    | Reached XP level 5. HP: 34/34 MP: 7/9
  4424 | Sewer    | Reached XP level 6. HP: 21/39 MP: 7/11
  4886 | D:4      | Killed Robin
  5428 | D:4      | Noticed Edmund
  5447 | D:4      | Killed Edmund
  5721 | D:5      | Entered Level 5 of the Dungeon
  5744 | D:5      | Found a blossoming altar of Fedhas.
  5765 | D:5      | Reached XP level 7. HP: 45/45 MP: 12/12
  6012 | D:5      | Noticed a steam dragon
  6020 | D:5      | Learned a level 4 spell: Ice Form
  6027 | D:5      | Slain by a steam dragon

Illustrated notes

Levels and vault maps discovered:
D:1:      scummos_arrival_simple_fountains, layout_loops_ring, minivault_14
D:2:      layout_loops_corners, wander_ebering_terrifying_dragon_lair,
          uniq_crazy_yiuf_cottage
D:3:      layout_basic, minmay_splitting_lines
D:4:      layout_basic, gup_sewer_entry_bubbles, grunt_ministairs_13,
          uniq_robin, uniq_edmund
D:5:      layout_loops_ring, mainiacjoe_overflow_brackets, item_on_display_a

Skill      XL: |  1  2  3  4  5  6  7 |
---------------+----------------------+-----
Fighting       | 2 |  2.8
Spellcasting   | 3 4 |  4.0
Transmutations | 3 |  3.9
Unarmed Combat | 4 |  4.7
Dodging        | 3 |  3.2
Poison Magic   | |  0.2

Action                   |  1- 3 |  4- 6 |  7- 9 || total
-------------------------+-------+-------+-------++-------
Melee: Unarmed           |    91 |   102 |    12 ||   205
       Constrict         |    26 |    31 |     1 ||    58
       Kick              |    18 |    14 |     2 ||    34
       Tentacles         |    12 |    17 |     1 ||    30
       Punch             |     2 |     1 |       ||     3
 Cast: Beastly Appendage |    28 |    23 |     2 ||    53
       Wereblood         |     1 |     3 |       ||     4
       Spider Form       |       |     1 |     1 ||     2
       Ice Form          |       |       |     1 ||     1
  Use: Scroll            |     4 |     4 |       ||     8
 Stab: Sleeping          |     8 |     4 |       ||    12
Armor: Skin              |    20 |     6 |     2 ||    28
Dodge: Dodged            |    73 |    81 |     5 ||   159

Table legend: (Time is in decaauts)
 A = Elapsed time spent in this place.
 B = Non-inter-level travel time spent in this place.
 C = Inter-level travel time spent in this place.
 D = Time resting spent in this place.
 E = Time spent auto-exploring this place.
 F = Levels seen in this place.
 G = Mean time per level.
                   A        B        C        D        E       F      G
               +--------+--------+--------+--------+--------+-----+--------+
         Total |   6013 |   5766 |    247 |    398 |   4512 |   6 | 1002.2 |
       Dungeon |   5508 |   5261 |    247 |    398 |   4135 |   5 | 1101.6 |
         Sewer |    504 |    504 |      0 |      0 |    377 |   1 |  504.0 |
               +--------+--------+--------+--------+--------+-----+--------+

Top non-repeatable levels by time:
     D:2: 1650 daAuts
     D:1: 1228 daAuts
     D:3: 1214 daAuts
     D:4: 1110 daAuts
   Sewer: 504 daAuts
     D:5: 304 daAuts
